 Dungeon Crawl Stone Soup version 0.24-a0-582-g4d4af81 (webtiles) character file.

Game seed: 11275001191420670507

1071 Firecrotchwizard the Sneak (level 8, -2/42 HPs)
             Began as a Vine Stalker Assassin on Aug 27, 2019.
             Was a Believer of Uskayaw.
             Slain by a gnoll
             ... wielding a +0 spear
              (3 damage)
             ... on level 5 of the Dungeon.
             The game lasted 00:17:23 (4469 turns).

Firecrotchwizard the Sneak (Vine Stalker Assassin)  Turns: 4469, Time: 00:17:24

Health: -2/42      AC:  8    Str: 16    XL:     8   Next: 28%
Magic:  0/11       EV: 10    Int: 11    God:    Uskayaw [**....]
Gold:   274        SH:  0    Dex: 16    Spells: 4/7 levels left

rFire    . . .     SeeInvis .   a - +3 dagger
rCold    + . .     Gourm    .   (no shield)
rNeg     . . .     Faith    .   u - +0 ring mail
rPois    .         Spirit   +   (no helmet)
rElec    .         Reflect  .   c - +1 cloak
rCorr    .         Harm     .   A - +0 pair of gloves (curse)
MR       +....                  (no boots)
Stlth    +++.......             (no amulet)
HPRegen  0.54/turn              n - ring of protection from cold {rC+, !d}
MPRegen  0.12/turn              (no ring)

@: no status effects
A: fangs 3, regeneration 1, magic shield, antimagic bite, no potion heal 3, rot
immunity
a: Stomp, Line Pass, Renounce Religion


You were on level 5 of the Dungeon.
You worshipped Uskayaw.
Uskayaw was noncommittal.
You were not hungry.

You visited 2 branches of the dungeon, and saw 6 of its levels.

You collected 274 gold pieces.

Inventory:

Hand Weapons
 a - a +3 dagger (weapon)
 g - a +0 hunting sling
   (You found it on level 1 of the Dungeon)
Missiles
 d - 85 poisoned darts
 e - a curare-tipped dart
 m - 19 sling bullets
 x - 6 boomerangs
Armour
 b - a +0 robe
 c - a +1 cloak (worn)
 u - a +0 ring mail (worn)
   (You found it on level 3 of the Dungeon)
 A - a cursed +0 pair of gloves (worn)
   (You found it on level 4 of the Dungeon)
 B - a scarf of resistance
   (You found it on level 4 of the Dungeon)
 D - a +0 helmet
   (You took it off Robin on level 4 of the Dungeon)
Magical Staves
 E - an uncursed staff of conjuration {unknown}
   (You found it on level 5 of the Dungeon)
Jewellery
 n - a ring of protection from cold (left hand) {rC+, !d}
   (You found it on level 2 of the Dungeon)
Wands
 v - a wand of polymorph (5)
   (You found it on level 3 of the Dungeon)
 C - a wand of random effects (19)
   (You took it off a kobold on level 4 of the Dungeon)
Scrolls
 h - a scroll of random uselessness
 i - 3 scrolls of amnesia
 j - 7 scrolls of identify
 k - a scroll of remove curse
 p - a scroll of enchant weapon
 q - a scroll of blinking {unknown}
 r - a scroll of magic mapping {!r}
 w - a scroll of fear {unknown}
 y - a scroll of teleportation {unknown}
 F - a scroll of noise {unknown}
Potions
 l - 4 potions of curing
 o - 3 potions of invisibility
 s - 2 potions of mutation {unknown}
 t - 2 potions of heal wounds {unknown}
 z - a potion of lignification {unknown}
Comestibles
 f - 6 rations


   Skills:
 + Level 4.5 Fighting
 + Level 5.8 Short Blades
 - Level 1.7 Throwing
 - Level 0.7 Dodging
 - Level 7.0 Stealth
 * Level 3.4 Invocations


You had 4 spell levels left.
You knew the following spells:

 Your Spells              Type           Power        Failure   Level  Hunger
c - Confuse               Hex            #.......     90%         3    ####...

Your spell library contained the following spells:

 Spells                   Type           Power        Failure   Level  Hunger
 Confusing Touch          Hex            #.....       56%         1    ##.....
 Gell's Gravitas          Tloc           #.........   90%         3    ####...
 Petrify                  Tmut/Erth      #.......     100%        4    #####..
 Metabolic Englaciation   Hex/Ice        #.........   100%        5    ######.
 Yara's Violent Unravell  Hex/Tmut       #.........   100%        5    ######.


Dungeon Overview and Level Annotations

Branches:
Dungeon (5/15)             Temple (1/1) D:5

Altars:
Ashenzari
Elyvilon
Gozag
Hepliaklqana
Makhleb
Nemelex Xobeh
Okawaru
Ru
Sif Muna
Trog
Uskayaw
Xom
Yredelemnul
Zin

Shops:
D:4 =

Annotations:
D:2 exclusion: Sigmund, Sigmund
D:3 1 runed translucent door, cowhearter's ghost, amateur OgMo
D:5 Grinder


Innate Abilities, Weirdness & Mutations

You have razor-sharp teeth.
Your natural rate of healing is unusually fast.
When hurt, damage is shared between your health and your magic reserves.
Your bite disrupts and absorbs the magic of your enemies.
Potions cannot restore your health.
You are immune to rotting.


Message History

You miss the crimson imp. The crimson imp closely misses you.
You closely miss the crimson imp. You bite the crimson imp.
The crimson imp's magic leaks into the air.
You drain its magic.
You feel invigorated.
MP restored: 11 You hit the crimson imp.
You kill the crimson imp!
No target in view!
l - 4 potions of curing (gained 1)
You now have 274 gold pieces (gained 10).
You can no longer pass through a line of other dancers.
e - a curare-tipped dart The orc priest is too close now for your liking.
The orc priest shouts!
You hear a shout!
A crimson imp comes into view.
The crimson imp shouts!
The orc priest mumbles some strange prayers to Beogh against you.
Beogh smites you!
You see here a scroll of amnesia.
You take 9 damage, and have 33/42 hp.
MASSIVE DAMAGE!!
You now have 9/11 mp.
Grinder comes into view.
The orc priest looks encouraged for a moment.
Grinder gestures at you.
You easily resist.
Okay, then.
Okay, then.
The crimson imp blinks!
You see here a scroll of amnesia.
The orc priest looks satisfied for a moment.
The orc priest looks satisfied for a moment.
There is an escape hatch in the ceiling here.
A mysterious force pulls you upwards. The hatch slams shut behind you.
You start resting.
Health restored: 42; MP restored: 11 All of the chunks of flesh in your inventory have rotted away.
There is a stone staircase leading down here.
You climb downwards.
Level annotation: Grinder
There is a stone staircase leading up here.
No target in view!
q - a scroll labeled ILLOTHR KUYNG The gnoll is too close now for your liking.
A shadow imp comes into view.
The shadow imp moves out of view.
The shadow imp shouts, "Decamp, thou plume-plucked dismal-dreaming brigand!"
The gnoll shouts! x3
The gnoll barely misses you. The gnoll hits you but does no damage.
You hit the gnoll but do no damage. Your bite misses the gnoll.
The gnoll hits you but does no damage. The gnoll closely misses you.
You hit the gnoll. The gnoll hits you.
You take 4 damage, and have 38/42 hp.
You now have 10/11 mp.
The gnoll hits you with a +0 spear. The gnoll hits you.
You take 5 damage, and have 33/42 hp.
You now have 9/11 mp.
You hit the gnoll. You bite the gnoll.
You kill the gnoll!
The gnoll barely misses you. The shadow imp closely misses you.
You hit the gnoll.
The gnoll hits you from afar with a +0 halberd!
The shadow imp barely misses you. The gnoll hits you with a +0 spear.
You take 10 damage, and have 24/42 hp.
MASSIVE DAMAGE!!
You now have 7/11 mp.
The gnoll closely misses you. The gnoll hits you with a +0 halberd!
You take 8 damage, and have 16/42 hp.
You now have 4/11 mp.
You hit the gnoll. You bite the gnoll. You drain its power.
You feel invigorated. The shadow imp barely misses you.
The gnoll hits you but does no damage.
You can now pass through a line of other dancers.
You regained 2 mp, and now have 6/11 mp.
Your ring mail prevents you from hitting the gnoll.
The orc priest shouts!
Your bite misses the gnoll. The gnoll hits you but does no damage.
You hit the gnoll.
The shadow imp hits you but does no damage.
The gnoll hits you with a +0 spear. The gnoll hits you with a +0 halberd!
* * * LOW HITPOINT WARNING * * *
You take 10 damage, and have 7/42 hp.
MASSIVE DAMAGE!!
You now have 3/11 mp.
You closely miss the gnoll. The gnoll barely misses you.
The gnoll hits you with a +0 spear.
* * * LOW HITPOINT WARNING * * *
The shadow imp hits you but does no damage.
You take 1 damage, and have 6/42 hp.
You now have 2/11 mp.
You hit the gnoll. The gnoll hits you but does no damage.
The gnoll hits you with a +0 club.
* * * LOW HITPOINT WARNING * * *
You take 3 damage, and have 3/42 hp.
You now have 1/11 mp.
You hit the gnoll.
You kill the gnoll!
The gnoll hits you with a +0 spear.
* * * LOW HITPOINT WARNING * * *
The shadow imp hits you but does no damage.
You hit the gnoll. Your bite misses the gnoll.
The gnoll hits you with a +0 club.
* * * LOW HITPOINT WARNING * * *
The gnoll hits you with a +0 spear.
You die...

....... .....## ##.
##.....##.. ......... ...
#......# ...# # #......##..#
..##.##.........#
.......5.<......##
....##g@.........## .
.##)g.........##
................# ####.
...>.............. .....
..#..o...#....###.. ...... #
#.....##..#####..
#.......#####................
##...#.....##........<.......
....##.......................


You could see an orc priest, 2 gnolls and a shadow imp.

Vanquished Creatures
  A sky beast (D:5)
  3 ogres
  A big kobold (D:4)
  2 crimson imps
  A centaur zombie (D:5)
  4 hounds
  An orc wizard (D:3)
  An orc priest (D:5)
  Jessica (D:2)
  3 worker ants
  A worker ant zombie (D:5)
  Robin (D:4)
  2 gnolls (D:5)
  A river rat (D:4)
  12 adders
  2 oozes
  An adder skeleton (D:4)
  2 worms
  A leopard gecko (D:3)
  12 orcs
  4 ball pythons
  6 giant cockroaches
  14 goblins
  10 hobgoblins
  22 kobolds
  2 quokkas
  8 bats
  A frilled lizard (D:1)
  10 rats
130 creatures vanquished.

Notes
Turn   | Place    | Note
-------+----------+-------------------------------------------
     0 | D:1      | Firecrotchwizard the Vine Stalker Assassin began the quest
                  | for the Orb.
     0 | D:1      | Reached XP level 1. HP: 11/11 MP: 2/2
   109 | D:1      | Reached skill level 2 in Short Blades
   269 | D:1      | Reached skill level 2 in Fighting
   269 | D:1      | Reached skill level 5 in Stealth
   269 | D:1      | Reached XP level 2. HP: 15/15 MP: 3/3
   597 | D:2      | HP: 3/15 [poisoned by an adder]
   911 | D:2      | Reached XP level 3. HP: 18/18 MP: 4/4
   977 | D:2      | Noticed Jessica
   984 | D:2      | Killed Jessica
   984 | D:2      | Reached skill level 3 in Short Blades
   984 | D:2      | Gained mutation: Your natural rate of healing is unusually
                  | fast. [Vine Stalker growth]
   984 | D:2      | Reached XP level 4. HP: 23/23 MP: 5/5
  1048 | D:2      | Noticed Sigmund
  1084 | D:2      | Reached XP level 5. HP: 21/27 MP: 6/6
  1741 | D:3      | Found a runed translucent door.
  1753 | D:3      | Noticed cowhearter's ghost (amateur OgMo)
  1852 | D:3      | Reached skill level 3 in Fighting
  1852 | D:3      | Reached skill level 6 in Stealth
  1870 | D:3      | Reached skill level 4 in Short Blades
  2003 | D:3      | Reached XP level 6. HP: 32/32 MP: 7/7
  2143 | D:4      | Noticed Robin
  2683 | D:4      | Reached XP level 7. HP: 27/36 MP: 8/8
  2736 | D:4      | Reached skill level 5 in Short Blades
  2962 | D:4      | Found Ranleem's Jewellery Boutique.
  3013 | D:4      | Killed Robin
  3013 | D:4      | Reached skill level 7 in Stealth
  3090 | D:4      | Learned a level 3 spell: Confuse
  3360 | D:5      | Entered Level 5 of the Dungeon
  3395 | D:5      | Found a staircase to the Ecumenical Temple.
  3403 | Temple   | Entered the Ecumenical Temple
  3411 | Temple   | Became a worshipper of Uskayaw the Reveler
  3428 | D:5      | Reached * piety under Uskayaw
  4060 | D:4      | Reached ** piety under Uskayaw
  4067 | D:4      | Reached *** piety under Uskayaw
  4068 | D:4      | Reached skill level 1 in Invocations
  4086 | D:5      | Reached skill level 4 in Fighting
  4174 | D:5      | Reached skill level 2 in Invocations
  4183 | D:5      | Gained mutation: You have razor-sharp teeth. [Vine Stalker
                  | growth]
  4183 | D:5      | Reached XP level 8. HP: 31/42 MP: 9/11
  4184 | D:5      | Reached **** piety under Uskayaw
  4201 | D:5      | Reached skill level 3 in Invocations
  4201 | D:5      | Reached ***** piety under Uskayaw
  4386 | D:5      | Noticed Grinder
  4465 | D:5      | HP: 7/42 [gnoll/+0 halberd (7)]
  4467 | D:5      | HP: 3/42 [gnoll/+0 club (3)]
  4469 | D:5      | HP: 1/42 [gnoll/+0 club (2)]
  4469 | D:5      | Slain by a gnoll

Levels and vault maps discovered:
D:1:      dpeg_arrival_simpleton_b, layout_basic, minmay_liquid_box
D:2:      layout_loops_ring, uniq_sigmund, uniq_jessica
D:3:      layout_basic, ebering_ghost_reflecting_pool, minmay_quantized
D:4:      kennysheep_kobold_camp, layout_loops_ring, portal_sewer_entry_e,
          first_ration, serial_shops, shop, uniq_robin
D:5:      layout_cave_pools, nicolae_dithmenos_the_darkroom,
          minmay_temple_entry_arrows, nemelex_lonely_heart_becter,
          uniq_crazy_yiuf_cottage, uniq_grinder
Temple:   dpeg_three_leaves_temple

Skill      XL: |  1  2  3  4  5  6  7  8 |
---------------+-------------------------+-----
Short Blades   | 2 3 4 5 |  5.8
Fighting       | 2 3 4 |  4.5
Stealth        | 5 6 7 |  7.0
Invocations    | 2 3 |  3.4
Throwing       | |  1.7
Dodging        | |  0.7

Action                   |  1- 3 |  4- 6 |  7- 9 || total
-------------------------+-------+-------+-------++-------
Melee: Dagger            |    22 |   230 |   170 ||   422
       Bite              |       |    62 |    49 ||   111
Throw: Dart              |     5 |     3 |     4 ||    12
       Boomerang         |       |       |     4 ||     4
Evoke: Wand              |       |       |     1 ||     1
  Use: Potion            |     1 |       |       ||     1
       Scroll            |       |     8 |       ||     8
 Stab: Sleeping          |    11 |    12 |     4 ||    27
       Paralysed         |       |       |     4 ||     4
  Eat: Chunk             |       |     6 |     2 ||     8
       Ration            |       |       |     1 ||     1
Armor: Robe              |     5 |     8 |       ||    13
       Ring mail         |       |    76 |    61 ||   137
Dodge: Dodged            |     4 |    95 |    78 ||   177

Table legend:
 A = Non-vault XP
 B = Vault XP
 C = Vault XP percentage of total XP
 D = Non-vault monster count
 E = Vault monster count
 F = Vault count percentage of total count
                 A         B        C        D         E       F
            +---------+---------+-------+---------+---------+-------
      Total |    1306 |     224 |  14.6 |      85 |      45 |  34.6
            +---------+---------+-------+---------+---------+-------
        D:1 |      11 |       0 |   0.0 |       7 |       0 |   0.0
        D:2 |     143 |      37 |  20.6 |      18 |       1 |   5.3
        D:3 |     140 |       9 |   6.0 |      30 |       5 |  14.3
        D:4 |     419 |     178 |  29.8 |      17 |      39 |  69.6
        D:5 |     593 |       0 |   0.0 |      13 |       0 |   0.0
            +---------+---------+-------+---------+---------+-------

Levels and vault maps discovered:
D:1:      dpeg_arrival_simpleton_b, layout_basic, minmay_liquid_box
D:2:      layout_loops_ring, uniq_sigmund, uniq_jessica
D:3:      layout_basic, ebering_ghost_reflecting_pool, minmay_quantized
D:4:      kennysheep_kobold_camp, layout_loops_ring, portal_sewer_entry_e,
          first_ration, serial_shops, shop, uniq_robin
D:5:      layout_cave_pools, nicolae_dithmenos_the_darkroom,
          minmay_temple_entry_arrows, nemelex_lonely_heart_becter,
          uniq_crazy_yiuf_cottage, uniq_grinder
Temple:   dpeg_three_leaves_temple

Table legend:
 A = Turns spent in this place as a percentage of turns spent in the entire game.
 B = Non-inter-level travel turns spent in this place as a percentage of non-inter-level travel turns spent in the entire game.
 C = Inter-level travel turns spent in this place as a percentage of turns spent in this place.
 D = Turns resting spent in this place as a percentage of non-inter-level travel turns spent in this place.
 E = Turns spent auto-exploring this place as a percentage of non-inter-level travel turns spent in this place.
 F = Non-inter-level travel turns spent in this place divided by the number of levels of this place that you've seen.
                   A       B       C       D       E      F
               +-------+-------+-------+-------+-------+----------------------
         Total | 100.0 | 100.0 |   5.7 |  25.4 |  48.8 | 702.2
       Dungeon |  85.9 |  85.2 |   6.5 |  12.8 |  57.2 | 718.2
        Temple |  14.1 |  14.8 |   1.3 |  98.1 |   0.0 | 622.0
               +-------+-------+-------+-------+-------+----------------------

Table legend:
 A = Kills in this place as a percentage of kills in entire the game.
 B = Kills by you in this place as a percentage of kills by you in the entire game.
 C = Kills by friends in this place as a percentage of kills by friends in the entire game.
 D = Other kills in this place as a percentage of other kills in the entire game.
 E = Experience gained in this place as a percentage of experience gained in the entire game.
 F = Experience gained in this place divided by the number of levels of this place that you have seen.
                   A       B       C       D       E      F
               +-------+-------+-------+-------+-------+----------------------
         Total | 100.0 | 100.0 |   N/A |   N/A | 100.0 | 255.0
       Dungeon | 100.0 | 100.0 |   N/A |   N/A | 100.0 | 306.0
               +-------+-------+-------+-------+-------+----------------------
